 Dungeon Crawl Stone Soup version 0.17.1-3-g152610e (webtiles) character file.

49 Shotgun the Ruffian (level 3, -3/28 HPs)
             Began as a Draconian Transmuter on Apr 20, 2016.
             Killed by nerve-wracking pain
             ... invoked by a shadow imp
             ... summoned by Natasha
              (7 damage)
             ... on level 2 of the Dungeon.
             The game lasted 00:08:12 (2089 turns).

Shotgun the Ruffian (Draconian Transmuter)          Turns: 2089, Time: 00:08:13

Health: -3/28      AC:  6    Str: 13    XL:     3   Next: 53%
Magic:  6/6        EV: 12    Int: 13    God:
Gold:   127        SH:  0    Dex: 11    Spells: 1 memorised, 5 levels left

rFire  . . .     SeeInvis .     f - +1 short sword (speed)
rCold  . . .     Clarity  .     (armour unavailable)
rNeg   . . .     SustAt   .     (no shield)
rPois  .         Gourm    .     (helmet restricted)
rElec  .         Spirit   .     (no cloak)
rCorr  .         Warding  .     (no gloves)
rMut   .         Stasis   .     r - +0 pair of boots
MR     .....                    (no amulet)
Stlth  +.........               (no ring)
                                k - ring of invisibility

@: slowed, very slow, not resistant to hostile enchantments, very unstealthy
A: unfitting armour, cold-blooded, AC +5
a: Evoke Invisibility


You were on level 2 of the Dungeon.
You were not hungry.

You visited 1 branch of the dungeon, and saw 2 of its levels.

You collected 127 gold pieces.

Inventory:

Hand Weapons
 d - a +0 spear
 f - a +1 short sword of speed (weapon)
Missiles
 a - 12 arrows
 p - 8 arrows of frost
Armour
 r - a +0 pair of boots (worn)
Jewellery
 k - a ring of invisibility (left hand)
Scrolls
 j - a scroll of blinking {unknown}
 l - a scroll of enchant weapon {unknown}
 m - 2 scrolls of recharging {unknown}
 q - a scroll of teleportation {unknown}
Potions
 e - 2 potions of curing {unknown}
 g - 2 potions of invisibility {unknown}
 i - a potion of degeneration {unknown}
 o - 2 potions of flight {unknown}
Books
 b - a book of Changes

   Spells                             Type                      Level
   a - Beastly Appendage              Transmutation                1
   b - Sticks to Snakes               Transmutation                2
   c - Spider Form                    Transmutation/Poison         3
   d - Ice Form                       Ice/Transmutation            4
   e - Blade Hands                    Transmutation                5
Comestibles
 c - a bread ration
 h - 2 meat rations
 n - a slice of pizza


   Skills:
 + Level 1.2 Fighting
 + Level 0.8 Short Blades
 + Level 2.6 Dodging
 + Level 0.4 Stealth
 + Level 3.4 Unarmed Combat
 + Level 2.1 Spellcasting
 + Level 2.2 Transmutations


You had 5 spell levels left.
You knew the following spells:

 Your Spells              Type           Power        Failure   Level  Hunger
a - Beastly Appendage     Trmt           #.....       12%         1    ##.....


Dungeon Overview and Level Annotations

Branches:
Dungeon (2/15)

Altars:

Annotations:
D:2 Natasha


Innate Abilities, Weirdness & Mutations

Your plain brown scales are hard (AC +5).
Your body does not fit into most forms of armour.
You are cold-blooded and may be slowed by cold attacks.


Message History

Natasha is heavily wounded.
Natasha howls an incantation.
Natasha's fingertips start to glow.
Natasha closely misses you. The shadow imp misses you.
The shadow imp barely misses you.
You barely miss Natasha.
Your tail-slap misses Natasha.
Natasha is heavily wounded.
Natasha claws you but does no damage. The shadow imp hits you.
* * * LOW HITPOINT WARNING * * *
The shadow imp hits you.
* * * LOW HITPOINT WARNING * * *
The white imp shouts, "Flee, thou gleeking guts-griping vassal!"
The white imp hits you but does no damage.
You spend a moment contemplating the meaning of life.
Natasha stares at you and mumbles some strange words.
You feel as though you will be slow longer.
The shadow imp hits you but does no damage.
The shadow imp gestures at you. Pain shoots through your body!
You die...

...#####.#......#.....#
..(.......####...#....
. ?.........# ##.###..#
..####......# ###.#
#..#
..........(.###...#
#..#
......#....##...####...
###.5h.......#.......#
##..5..###...####..#
#5@.)(####.#####...
#...(<...........##
#.............>..##
##....#####.#####.##
..#####..#..# #.# #....
#......(....# #..##
#........##.#
#.......##
......#.###.#
#######.## #.###.#.#
#.# #.##


You could see Natasha, a white imp and 2 shadow imps.

Vanquished Creatures
  An adder (D:2)
  An ooze (D:2)
  A ball python (D:1)
  5 bats
  2 hobgoblins
  3 giant cockroaches
  3 giant geckos
  2 giant newts (D:1)
  6 goblins
  8 kobolds
  4 rats
36 creatures vanquished.

Notes
Turn   | Place    | Note
--------------------------------------------------------------
     0 | D:1      | Shotgun the Draconian Transmuter began the quest for the Orb.
     0 | D:1      | Reached XP level 1. HP: 16/16 MP: 3/3
   317 | D:1      | Reached XP level 2. HP: 23/23 MP: 5/5
  1417 | D:2      | Reached XP level 3. HP: 26/28 MP: 6/6
  2078 | D:2      | Noticed Natasha
  2089 | D:2      | Killed from afar by a shadow imp

Action                   || total
-------------------------++-------
Melee: Spear             ||    21
       Short sword       ||   128
  Eat: Bread ration      ||     1
